 Dungeon Crawl Stone Soup version 0.21.0-3-g78d12a8 (webtiles) character file.

94 tidbits the Sneak (level 4, 0/19 HPs)
             Began as a Felid Transmuter on Jan 11, 2018.
             Was an Initiate of Wu Jian.
             Shot with an arrow by a centaur (9 damage)
             ... on level 4 of the Dungeon.
             The game lasted 00:11:46 (1396 turns).

tidbits the Sneak (Felid Transmuter)                Turns: 1396, Time: 00:11:47

Health: 0/19       AC:  2    Str:  7    XL:     4   Next: 38%
Magic:  2/8        EV: 21    Int: 14    God:    Wu Jian [......]
Gold:   197        SH:  0    Dex: 21    Spells: 1/7 levels left
                                        Lives:  0   Deaths: 1

rFire    . . .     SeeInvis +     - Unarmed
rCold    . . .     Gourm    .   (shield unavailable)
rNeg     . . .     Faith    .   (armour unavailable)
rPois    x         Spirit   .   (helmet unavailable)
rElec    .         Reflect  .   (cloak unavailable)
rCorr    .         Harm     .   (gloves unavailable)
MR       +....                  (boots unavailable)
Stlth    ++++......             (no amulet)
HPRegen  0.06/turn              l - ring of protection from magic
MPRegen  0.11/turn              (no ring)

@: spider-form (expiring)
A: tiny, no armour, no weapons or thrown items, stealth, see invisible,
carnivore, slow metabolism 1
a: End Transformation, Renounce Religion


You were on level 4 of the Dungeon.
You worshipped Wu Jian.
Wu Jian was noncommittal.
You were not hungry.
You were a venomous arachnid creature.
You visited 2 branches of the dungeon, and saw 5 of its levels.

You collected 197 gold pieces.

Inventory:

Missiles
 a - 24 arrows
Jewellery
 l - a ring of protection from magic (left front leg)
   (You found it on level 2 of the Dungeon)
Scrolls
 f - 2 scrolls of teleportation {unknown}
 g - a scroll of magic mapping {unknown}
 h - 3 scrolls of remove curse
 j - 2 scrolls of enchant armour {unknown}
 o - 2 scrolls of amnesia
 p - a scroll of enchant weapon {unknown}
Potions
 d - 3 potions of heal wounds {unknown}
 e - a potion of flight
 i - a potion of magic
 k - 3 potions of curing
 m - 2 potions of lignification {unknown}
 n - a potion of resistance {unknown}
Books
 b - a book of Changes

   Spells                             Type                      Level
   a - Beastly Appendage              Transmutation                1
   b - Sticks to Snakes               Transmutation                2
   c - Spider Form                    Transmutation/Poison         3
   d - Ice Form                       Ice/Transmutation            4
   e - Blade Hands                    Transmutation                5
Comestibles
 c - 6 rations
 q - a chunk of flesh


   Skills:
 - Level 1.0 Fighting
 - Level 2.6 Dodging
 + Level 5.9 Stealth
 - Level 3.0 Unarmed Combat
 - Level 2.0 Spellcasting
 + Level 3.7 Transmutations


You had one spell level left.
You knew the following spells:

 Your Spells              Type           Power        Failure   Level  Hunger
e - Beastly Appendage     Tmut           ##....       16%         1    ##.....
k - Sticks to Snakes      Tmut           ##......     21%         2    ###....
p - Spider Form           Tmut/Pois      #.........   54%         3    ####...


Dungeon Overview and Level Annotations

Branches:
Dungeon (4/15)             Temple (1/1) D:4

Altars:
Ashenzari
Elyvilon
Fedhas
Gozag
Hepliaklqana
Kikubaaqudgha
Makhleb
Nemelex Xobeh
Qazlal
Ru
Sif Muna
Trog
Uskayaw
Vehumet
Wu Jian
Yredelemnul
Zin
The Shining One

Annotations:
D:2 exclusion: phantom
D:4 nht's ghost, novice OgHu


Innate Abilities, Weirdness & Mutations

You cannot wear armour.
You are incapable of wielding weapons or throwing items.
Your paws allow you to move quietly. (Stealth)
((You have sharp claws.))
((You have razor-sharp teeth.))
You have supernaturally acute eyesight. (SInv)
You are carnivorous and can eat meat at any time.
((You cover ground quickly.))
((You are covered in fur. (AC +1)))
You have a slow metabolism.
((Your sharp claws are effective at attacking unaware monsters.))


Message History

There is a stone staircase leading up here.
Unknown command.
You hit the worker ant but do no damage.
The worker ant bites you. The orc completely misses you.
You hit the worker ant but do no damage.
The worker ant closely misses you. The orc hits you with a club.
You hit the worker ant but do no damage.
The worker ant is poisoned.
Your transformation is almost over.
The worker ant completely misses you. The orc misses you.
You hit the worker ant.
The worker ant looks as sick as possible!
The worker ant is heavily wounded.
The worker ant misses you.
You hit the worker ant.
The worker ant looks as sick as possible!
The worker ant is severely wounded.
You kill the worker ant!
The Council accepts your kill.
Welcome back to level 4!
The orc hits you with a club.
You hit the orc but do no damage. The orc closely misses you.
You barely miss the orc. The orc completely misses you.
You hit the orc.
The orc is poisoned.
The orc is lightly wounded.
The orc barely misses you.
You hit the orc but do no damage.
The orc is heavily wounded.
The orc misses you.
You hit the orc.
You kill the orc!
The Council accepts your kill.
d - 3 cyan potions (gained 2)
You see here a club.
Your transformation has ended.
You see here a worker ant corpse.
You butcher the worker ant corpse.
q - 2 chunks of flesh Eat one of 2 chunks of flesh? (ye/n/q)
You eat one of the 2 chunks of flesh.
This raw flesh tastes great.
Found a spear.
An orc comes into view. It is wielding a dagger.
Found a stone staircase leading down.
The orc shouts!
Your magical contamination has completely faded away.
You lunge at the orc.
You scratch the orc. You bite the orc.
The orc is moderately wounded.
The orc closely misses you.
Found 13 gold pieces.
You scratch the orc but do no damage.
The orc is moderately wounded.
The orc hits you with a dagger.
* * * LOW HITPOINT WARNING * * *
You scratch the orc.
The orc is heavily wounded.
The orc misses you.
Casting: Spider Form
Confirm with . or Enter, or press ? or * to list all spells.
You turn into a venomous arachnid creature.
The orc misses you.
Unknown command.
You barely miss the orc.
The orc is heavily wounded.
The orc hits you with a dagger.
* * * LOW HITPOINT WARNING * * *
You hit the orc but do no damage.
The orc is heavily wounded.
The orc completely misses you.
You hit the orc but do no damage.
The orc is poisoned.
The orc is heavily wounded.
Your transformation is almost over.
The orc misses you.
You hit the orc but do no damage.
The orc is heavily wounded.
The orc hits you but does no damage.
You hit the orc but do no damage.
The orc looks as sick as possible!
The orc is heavily wounded.
The orc barely misses you.
You hit the orc.
You kill the orc!
The Council accepts your kill.
Things that are here:
a dagger; a scale mail; an orc corpse Your transformation has ended.
You now have 197 gold pieces (gained 13).
An adder comes into view.
Casting: Spider Form
Confirm with . or Enter, or press ? or * to list all spells.
You turn into a venomous arachnid creature.
The adder hisses angrily.
Your transformation is almost over.
You barely miss the adder. The adder misses you.
You closely miss the adder. The adder completely misses you.
The centaur shouts!
You hit the adder.
The adder is poisoned.
The adder is heavily wounded.
The adder closely misses you.
The centaur shoots an arrow.
The arrow barely misses you.
The centaur shoots an arrow.
The arrow hits you!
You die...

....##o#.# ###.
....#...#(....
#......#..... #
##...#........ ###. ####
#.......# .. #....##..
...##....####..
#.....(.#######...##....#
.........................
.......Ss.####...........
###..####.#..............
#. ###...♣.♣.#...####.
#.........c.>.........#.
##..........♣.♣.....<....
#..................(...#.
#.$........W...###.....##
#####...".c........#
#.....##
##..................#
#######


You could see a phantom, a centaur and an adder.

Vanquished Creatures
  2 worker ants (D:4)
  5 dart slugs (D:1)
  2 leopard geckos
  5 orcs
  6 bats
  9 giant cockroaches
  11 goblins
  5 hobgoblins
  6 frilled lizards
  10 kobolds
  2 rats
63 creatures vanquished.

Vanquished Creatures (collateral kills)
  A crimson imp (D:3)
  A hobgoblin (D:2)
  A rat (D:2)
3 creatures vanquished.

Grand Total: 66 creatures vanquished

Notes
Turn   | Place    | Note
-------+----------+-------------------------------------------
     0 | D:1      | tidbits the Felid Transmuter began the quest for the Orb.
     0 | D:1      | Reached XP level 1. HP: 9/9 MP: 4/4
    40 | D:1      | Reached skill level 1 in Stealth
    55 | D:1      | Reached skill level 2 in Stealth
    97 | D:1      | Reached XP level 2. HP: 11/12 MP: 4/6
   121 | D:1      | Reached skill level 3 in Stealth
   237 | D:2      | Noticed a phantom
   310 | D:1      | Reached skill level 4 in Stealth
   315 | D:1      | Reached XP level 3. HP: 14/15 MP: 5/7
   413 | D:2      | Learned a level 2 spell: Sticks to Snakes
   417 | D:2      | Learned a level 3 spell: Spider Form
   774 | D:3      | Reached skill level 5 in Stealth
   774 | D:3      | Reached skill level 3 in Transmutations
   774 | D:3      | Reached XP level 4. HP: 16/19 MP: 5/8
   857 | D:4      | Found a staircase to the Ecumenical Temple.
   863 | D:4      | Noticed a centaur
   864 | D:4      | Noticed a phantom
   866 | Temple   | Entered the Ecumenical Temple
   937 | Temple   | Became a worshipper of the Wu Jian Council
  1236 | D:4      | Shot with an arrow by a centaur
  1237 | D:4      | Reached XP level 3. HP: 0/15 MP: 2/7
  1255 | D:4      | Noticed nht's ghost (novice OgHu)
  1322 | D:4      | Reached XP level 4. HP: 12/19 MP: 1/8
  1396 | D:4      | Shot with an arrow by a centaur

Skill      XL: |  1  2  3 |
---------------+----------+-----
Stealth        | 2 4 5 |  5.9
Transmutations | 3 |  3.7
Fighting       | |  1.0
Dodging        | |  2.6
Unarmed Combat | |  3.0
Spellcasting   | |  2.0

Action                   |  1- 3 |  4- 6 || total
-------------------------+-------+-------++-------
Melee: Unarmed           |   102 |    60 ||   162
       Bite              |    10 |     4 ||    14
       Headbutt          |    15 |     2 ||    17
       Punch             |     1 |       ||     1
 Cast: Beastly Appendage |    24 |     5 ||    29
       Sticks to Snakes  |     5 |     1 ||     6
       Spider Form       |     1 |     4 ||     5
Invok: Lunge             |       |     6 ||     6
  Use: Scroll            |     6 |       ||     6
       Potion            |       |     1 ||     1
 Stab: Sleeping          |    13 |     5 ||    18
  Eat: Chunk             |     6 |     1 ||     7
Armor: Skin              |     2 |       ||     2
Dodge: Dodged            |    62 |    45 ||   107

Table legend:
 A = Turns spent in this place as a percentage of turns spent in the entire game.
 B = Non-inter-level travel turns spent in this place as a percentage of non-inter-level travel turns spent in the entire game.
 C = Inter-level travel turns spent in this place as a percentage of turns spent in this place.
 D = Turns resting spent in this place as a percentage of non-inter-level travel turns spent in this place.
 E = Turns spent auto-exploring this place as a percentage of non-inter-level travel turns spent in this place.
 F = Non-inter-level travel turns spent in this place divided by the number of levels of this place that you've seen.
                   A       B       C       D       E      F
               +-------+-------+-------+-------+-------+----------------------
         Total | 100.0 | 100.0 |   8.8 |   0.0 |   0.0 | 254.6
       Dungeon |  93.8 |  95.1 |   7.6 |   0.0 |   0.0 | 302.5
        Temple |   6.2 |   4.9 |  27.6 |   0.0 |   0.0 |  63.0
               +-------+-------+-------+-------+-------+----------------------

Table legend:
 A = Kills in this place as a percentage of kills in entire the game.
 B = Kills by you in this place as a percentage of kills by you in the entire game.
 C = Kills by friends in this place as a percentage of kills by friends in the entire game.
 D = Other kills in this place as a percentage of other kills in the entire game.
 E = Experience gained in this place as a percentage of experience gained in the entire game.
 F = Experience gained in this place divided by the number of levels of this place that you have seen.
                   A       B       C       D       E      F
               +-------+-------+-------+-------+-------+----------------------
         Total | 100.0 | 100.0 | 100.0 |   N/A | 100.0 |  45.6
       Dungeon | 100.0 | 100.0 | 100.0 |   N/A | 100.0 |  57.0
               +-------+-------+-------+-------+-------+----------------------

Vault maps used:
D:1:      minmay_arrival_plants_in_alcoves
D:2:      serial_bayou_pond_e
D:3:      first_ration
D:4:      minmay_temple_entry_trees
Temple:   regret_index_temple_mists
